Map: 데스오라 - 래더

Players

HellraiseR

  • Race: Protoss Protoss
  • Spawn Location: 11:00

cure - Winner!

  • Race: Terran Terran
  • Spawn Location: 5:00

Event: StayAtHomestory Cup #2

VOD

Have the link to the VOD?

Description

Time

  • Played on: June 11, 2020, 8:04 a.m.
  • Length: 13:11

All games in this series

Show
View Real Time Build Order
Export as new Build Order

HellraiseR Protoss 

Build Orders: 1 Gate Expand, Oracle Opening 

Get SALT Encoding   

  12  0:00  Probe  
  13  0:12  Probe  
  14  0:18  Pylon  
  14  0:23  Probe  
  15  0:32  Probe  
  15  0:36  Gateway  
  15  0:40  Probe  
  16  0:45  Assimilator  
  17  0:52  Probe  
  18  1:04  Probe  
  19  1:16  Probe  
  20  1:23  Cybernetics Core  
  20  1:32  Nexus  
  20  1:35  Probe  
  21  1:43  Pylon  
  21  1:48  Probe  
  21  1:51  Assimilator  
  21  1:52  Stalker  
  22  1:58  Probe  
  23  2:06  Probe  
  25  2:14  Probe  
  26  2:22  Stargate  
  27  2:27  Adept  
  27  2:29  Probe  
  30  2:39  Warp Gate  
  30  2:41  Probe x2  
  31  2:49  Probe  
  32  2:53  Probe  
  32  2:56  Oracle  
  34  2:59  Probe  
  34  3:05  Probe  
  36  3:11  Probe  
  40  3:15  Assimilator  
  40  3:17  Probe  
  41  3:20  Gateway  
  41  3:23  Probe  
  41  3:24  Pylon  
  41  3:26  Assimilator  
  42  3:29  Probe  
  42  3:31  Oracle  
  43  3:40  Pylon  
  46  3:42  Probe x2  
  48  3:54  Probe x2  
  50  4:01  Stargate, Phoenix  
  50  4:05  Pylon  
  50  4:06  Probe x2  
  54  4:16  Oracle  
  54  4:18  Probe x2  
  54  4:20  Shield Battery  
  56  4:30  Probe  
  56  4:31  Probe  
  61  4:35  Pylon  
  61  4:43  Probe x2  
  61  4:45  Phoenix  
  65  4:53  Phoenix  
  67  5:01  Probe  
  67  5:03  Probe  
  69  5:10  Phoenix  
  71  5:15  Probe  
  71  5:16  Probe  
  71  5:18  Phoenix  
  75  5:23  Twilight Council  
  75  5:26  Forge  
  75  5:27  Pylon  
  75  5:28  Oracle  
  75  5:30  Protoss Ground Armor Level 1  
  75  5:31  Pylon  
  77  5:38  Nexus  
  77  5:39  Phoenix  
  77  5:40  Pylon  
  78  5:45  Probe  
  81  5:50  Probe  
  81  5:53  Charge  
  82  6:00  Probe  
  82  6:02  Probe  
  84  6:05  Oracle  
  86  6:12  Stalker x2  
  86  6:13  Probe  
  86  6:14  Probe  
  91  6:22  Oracle  
  91  6:25  Probe  
  95  6:26  Probe  
  96  6:37  Probe  
  97  6:43  Phoenix  
  97  6:46  Probe  
  100  6:48  Gateway  
  100  6:49  Gateway  
  100  6:55  Gateway  
  100  6:57  Gateway  
  100  6:59  Probe  
  100  7:01  Gateway  
  102  7:11  Gateway  
  102  7:12  Gateway  
  102  7:15  Probe, Gateway  
  101  7:17  Probe  
  101  7:18  Probe, Gateway  
  101  7:19  Sentry  
  101  7:20  Zealot  
  107  7:24  Protoss Ground Armor Level 2  
  107  7:29  Probe x2  
  106  7:31  Probe  
  106  7:33  Pylon  
  106  7:36  Blink  
  107  7:41  Probe, Zealot  
  107  7:43  Zealot  
  98  7:44  Probe  
  98  7:47  Pylon  
  99  7:53  Zealot x3  
  99  7:58  Zealot  
  107  8:00  Probe  
  107  8:01  Probe  
  107  8:02  Probe  
  110  8:16  Zealot x3  
  115  8:21  Zealot x3  
  115  8:25  Zealot x2  
  125  8:35  Forge  
  125  8:36  Pylon  
  125  8:37  Pylon  
  125  8:51  Photon Cannon  
  125  8:55  Probe x2, Photon Cannon  
  128  8:59  Sentry  
  128  9:00  Robotics Facility  
  130  9:03  Zealot x5  
  130  9:06  Templar Archives  
  119  9:24  Probe  
  119  9:27  Probe, Zealot x7  
  119  9:28  Zealot x2  
  139  9:35  Probe  
  139  9:36  Probe  
  130  9:40  Probe  
  130  9:43  Zealot x2  
  127  9:47  Probe  
  127  9:51  Protoss Ground Weapons Level 1  
  117  9:55  Zealot  
  117  9:56  Zealot x7  
  127  10:05  Immortal  
  109  10:22  Nexus  
  109  10:24  High Templar x8  
  109  10:25  Zealot  
  109  10:27  Pylon  
  109  10:28  Archon x3  
  127  10:29  Archon  
  127  10:31  Assimilator  
  127  10:32  Assimilator  
  127  10:35  Warp Prism  
  129  10:54  Zealot x3  
  129  10:56  Zealot x4  
  135  11:11  Stalker x4  
  129  11:12  Observer  
  124  11:18  Stalker x2  
  124  11:19  Zealot  
  122  11:33  Observer  
  122  11:35  Stalker x5  
  122  11:36  Zealot  
  122  11:37  Probe  
  122  11:38  Probe  
  122  11:39  Probe  
  130  11:49  Sentry, Robotics Bay  
  132  11:55  Zealot x2  
  132  12:00  Phoenix, Pylon  
  138  12:07  Zealot x3  
  144  12:18  Zealot x5  
  144  12:19  Sentry  
  144  12:21  Sentry  
  158  12:24  Stalker  
  158  12:29  Disruptor  
  160  12:31  Stalker  
  160  12:32  Zealot x2  
  169  12:47  Pylon  
  169  12:49  Pylon  
  169  12:50  Pylon  
  169  12:51  Pylon  
  169  12:52  Shield Battery  
  153  13:01  Zealot x7  
Show
View Real Time Build Order
Export as new Build Order

cure Terran - Winner!

Build Orders: Reaper Expand 

Get SALT Encoding   

  12  0:00  SCV  
  13  0:13  SCV  
  14  0:17  Supply Depot  
  14  0:25  SCV  
  15  0:39  SCV  
  15  0:40  Barracks  
  16  0:43  Refinery  
  16  0:51  SCV  
  17  1:03  SCV  
  18  1:15  SCV  
  19  1:27  Orbital Command, Reaper  
  20  1:40  Command Center  
  20  1:48  Supply Depot  
  20  1:53  SCV  
  21  1:59  Marine  
  22  2:05  SCV  
  23  2:09  Factory  
  23  2:15  Refinery  
  23  2:17  SCV  
  23  2:20  Barracks Reactor  
  25  2:30  SCV  
  25  2:42  SCV  
  26  2:54  SCV, Orbital Command  
  26  2:55  Armory  
  26  2:57  Hellion, Marine x2  
  31  3:06  SCV  
  31  3:09  Starport  
  32  3:16  Marine x2  
  32  3:19  SCV, Widow Mine  
  37  3:21  SCV  
  38  3:31  Supply Depot  
  38  3:32  SCV  
  38  3:33  SCV  
  40  3:37  Marine x2  
  40  3:40  Widow Mine  
  44  3:46  Medivac  
  46  3:51  SCV x2  
  46  3:55  Marine x2  
  48  3:57  Supply Depot  
  48  4:01  Widow Mine  
  49  4:03  SCV x2  
  51  4:15  SCV x2  
  53  4:19  Command Center  
  53  4:20  Barracks Tech Lab, Medivac  
  55  4:28  SCV x2, Supply Depot  
  57  4:32  Widow Mine  
  57  4:33  Widow Mine  
  61  4:39  Bunker  
  61  4:43  Marine, Stimpack  
  62  4:49  Supply Depot  
  62  4:50  SCV x2  
  62  4:51  Supply Depot  
  64  5:02  SCV x2  
  64  5:04  Widow Mine x2, Medivac  
  68  5:07  Marine  
  69  5:14  SCV  
  69  5:15  SCV  
  69  5:16  Barracks  
  69  5:17  Barracks  
  69  5:20  Engineering Bay x2  
  71  5:26  Marine, Widow Mine x2  
  74  5:29  SCV x2  
  74  5:33  Orbital Command  
  76  5:41  SCV x2  
  78  5:47  Marine, Widow Mine x2  
  81  5:54  Missile Turret, Refinery  
  81  5:55  Starport Reactor, Refinery  
  77  5:57  Missile Turret  
  77  6:01  Missile Turret  
  78  6:04  SCV x2  
  78  6:07  Barracks Tech Lab  
  78  6:08  Barracks Reactor  
  78  6:09  Marine  
  84  6:11  Widow Mine x2  
  84  6:14  Orbital Command  
  84  6:15  Terran Infantry Weapons Level 1  
  84  6:23  SCV x2  
  84  6:24  Barracks x2  
  82  6:34  Widow Mine x2  
  82  6:35  Marine x2  
  82  6:36  Medivac  
  82  6:38  SCV x2  
  92  6:41  SCV, Medivac  
  89  6:48  Terran Infantry Armor Level 1  
  89  6:50  SCV x2, Marine x2  
  89  6:53  SCV, Marine x2  
  96  6:55  Widow Mine x2  
  100  7:06  Barracks  
  100  7:07  Barracks x2  
  98  7:10  SCV x2  
  98  7:11  SCV  
  98  7:13  Barracks Reactor, Barracks Tech Lab, Marauder  
  101  7:18  Supply Depot  
  101  7:25  Concussive Shells, Supply Depot x2  
  101  7:26  Combat Shield  
  101  7:27  Marine x2  
  101  7:28  Marauder  
  105  7:30  SCV x3  
  105  7:31  Missile Turret  
  105  7:32  Refinery x2  
  106  7:41  Marauder x2  
  106  7:45  Marine x2, Widow Mine  
  106  7:49  Marauder  
  112  7:53  Supply Depot x2  
  112  7:56  Barracks Reactor, Barracks Tech Lab x2  
  112  7:57  SCV  
  112  7:58  SCV x2  
  111  8:03  Medivac x2  
  115  8:06  Marine, Marauder x2  
  115  8:09  Terran Infantry Weapons Level 2  
  122  8:12  Widow Mine  
  122  8:18  Marauder  
  122  8:19  Marauder  
  124  8:20  Supply Depot  
  124  8:21  SCV x3, Supply Depot  
  124  8:24  Marine  
  124  8:25  Marauder  
  124  8:26  Widow Mine  
  132  8:36  Marine x5, Marauder x2  
  132  8:39  Marine  
  132  8:40  Medivac, Widow Mine, Marauder  
  132  8:41  Medivac  
  149  8:45  Terran Infantry Armor Level 2  
  149  8:50  Supply Depot  
  149  8:51  Supply Depot  
  149  8:54  Marauder  
  149  8:55  Marine x4  
  153  8:57  Marine x2  
  153  8:58  Marauder x3  
  163  9:03  Supply Depot  
  163  9:04  Widow Mine  
  165  9:11  Widow Mine  
  133  9:26  Marine x6, Marauder x4  
  133  9:31  Widow Mine, Medivac x2  
  146  9:32  Marine  
  146  9:33  Widow Mine  
  126  9:44  Marine x4  
  110  9:46  Marine x2  
  110  9:47  Marauder x2  
  110  9:48  Marauder x2  
  110  9:50  Marine  
  99  10:01  Marine x2  
  99  10:02  Marine x2  
  99  10:03  Medivac  
  99  10:04  Marine x2, Widow Mine x2  
  108  10:08  Medivac, Marauder  
  108  10:09  Marauder  
  108  10:10  Marauder  
  115  10:15  Marine x2  
  115  10:19  Marine  
  118  10:26  Widow Mine x2  
  122  10:28  Marine x2  
  122  10:29  Marine, Marauder  
  122  10:31  Marine  
  122  10:33  Medivac  
  122  10:34  Marine  
  131  10:40  Marine x4  
  131  10:41  Medivac  
  131  10:42  Marauder  
  139  10:46  Marine x2  
  139  10:47  Marine  
  139  10:49  Marine  
  143  10:53  Marine x2  
  145  10:58  Marine x2, Marauder x2  
  145  11:03  Marine  
  151  11:04  Marine x2  
  151  11:05  Marine  
  151  11:07  Marine  
  151  11:11  Marine, Marauder  
  144  11:15  Marine  
  144  11:16  Marauder  
  144  11:17  Widow Mine x2  
  139  11:19  Marine  
  139  11:20  Marauder  
  139  11:21  Marine  
  139  11:22  Marine x2  
  139  11:23  Marine  
  139  11:24  Ghost Academy  
  142  11:30  Medivac x2  
  140  11:33  Marauder  
  140  11:37  Marine x3  
  140  11:39  Marine  
  145  11:40  Marine  
  145  11:41  Marine  
  145  11:43  Widow Mine  
  145  11:44  Widow Mine  
  156  11:54  Marine x2  
  156  11:56  Ghost x3  
  156  11:57  Ghost x2  
  156  12:00  Medivac x2  
  162  12:06  Supply Depot  
  162  12:08  Supply Depot  
  162  12:09  Sensor Tower  
  162  12:10  Widow Mine x2  
  162  12:11  Marine  
  167  12:19  Marine x4  
  167  12:20  Marine  
  172  12:24  Supply Depot  
  172  12:27  Ghost x2  
  170  12:39  Ghost x2  
  170  12:43  Marine  
  175  12:48  Marine x2  
Tags
 
Add a new tag
Caveats
  • Supply blocks, unpowered buildings, or Contaminate may cause inaccurate times.
  • Supply counts are checked every 10 seconds.